 Dungeon Crawl Stone Soup version 0.29.1-14-g9c671dbff4 (webtiles) character file.

Game seed: 11771740678920595866

260 Thatpatchoflichen the Trooper (level 6, 0/51 HPs)
             Began as a Human Monk on Feb 14, 2023.
             Was a Follower of Ru.
             Slain by Menkaure (20 damage)
             ... on level 4 of the Dungeon.
             The game lasted 00:13:37 (5025 turns).

Thatpatchoflichen the Trooper (Human Monk)          Turns: 5025, Time: 00:13:38

Health: 0/51       AC:  7    Str: 12    XL:     6   Next: 41%
Magic:  6/6        EV: 13    Int: 10    God:    Ru [*.....]
Gold:   197        SH:  0    Dex: 17    Spells: 5/5 levels left

rFire   + + .      SeeInvis .   n - +0 long sword
rCold   . . .      Faith    .   (no shield)
rNeg    . . .      Spirit   .   j - +2 leather armour of Qeockock {rPois rF++ Will- Regen+}
rPois   +          Reflect  .   (no helmet)
rElec   .          Harm     +   r - scarf {harm}
rCorr   .          Rampage  .   (no gloves)
Will    .....                   i - +1 pair of boots
Stlth   ++........              (no amulet)
HPRegen 0.97/turn               (no ring)
MPRegen 0.10/turn               (no ring)

@: no status effects
A: unskilled 1
a: Renounce Religion


You were on level 4 of the Dungeon.
You worshipped Ru.
Ru was aware of your devotion.
You visited 2 branches of the dungeon, and saw 5 of its levels.
You also visited: Ossuary.

You collected 197 gold pieces.

Inventory:

Hand Weapons
 n - a +0 long sword (weapon)
Missiles
 g - 10 boomerangs (quivered)
 m - 4 atropa-tipped darts
 s - 3 poisoned darts
Armour
 b - a +0 robe
 e - a +0 leather armour
 i - a +1 pair of boots (worn)
 j - the +2 leather armour of Qeockock (worn) {rPois rF++ Will- Regen+}
   (You found it on level 2 of the Dungeon)

   rF:        It greatly protects you from fire.
   rPois:     It protects you from poison.
   Regen:     It increases your rate of health regeneration.
   Will:      It decreases your willpower.
 r - a scarf of harm (worn)
Jewellery
 l - a +6 ring of strength
Wands
 B - a wand of flame (10)
 C - a wand of charming (3)
Scrolls
 a - 3 scrolls of identify {unknown}
 d - a scroll of fear {unknown}
 k - 2 scrolls of enchant weapon {unknown}
 p - 3 scrolls of vulnerability {unknown}
 v - a scroll of torment {unknown}
 x - 2 scrolls of teleportation {unknown}
 y - a scroll of butterflies {unknown}
Potions
 c - 2 potions of ambrosia
 f - 2 potions of mutation {unknown}
 h - a potion of berserk rage {unknown}
 o - a potion of attraction {unknown}
 q - a potion of heal wounds {unknown}
 t - a potion of curing {unknown}
 u - a potion of haste {unknown}
 w - a potion of degeneration {unknown}
 z - a potion of brilliance {unknown}
 A - a potion of might {unknown}


   Skills:
 + Level 5.0 Fighting
 + Level 3.7 Long Blades
 + Level 3.4 Dodging
 - Level 1.7 Stealth


You had 5 spell levels left.
You didn't know any spells.
Your spell library was empty.

Dungeon Overview and Level Annotations

Branches:
Dungeon (4/15)             Temple (1/1) D:4         Ossuary (visited)

Altars:
Ashenzari
Cheibriados
Dithmenos
Qazlal
Ru
Sif Muna
Trog
Uskayaw
Xom
Yredelemnul

Annotations:
D:3 1 runed translucent door, Crazy Yiuf
D:4 Menkaure


Innate Abilities, Weirdness & Mutations

You are somewhat unskilled. (-1 Apt)


Message History

Found a shimmering blue altar of Sif Muna.
You open the door.
There is an open door here.
There is a sacrificial altar of Ru here.
You kneel at the altar of Ru.
Ru welcomes you!
There is an open door here.
There is an open door here.
You open the door.
Ru believes you are ready to make a new sacrifice.
Ru asks you to sacrifice your skill.
This is a major sacrifice.
Piety after sacrifice: *.....
Do you really want to make this sacrifice?
You feel less skilled.
Your Long Blades skill decreases to level 3!
Your Stealth skill decreases to level 1!
You now exude an aura of power that intimidates your foes.
There is an open door here.
Found a basalt altar of Yredelemnul and a hide-covered altar of Uskayaw.
There is an open door here.
There is a staircase back to the Dungeon here.
You can't go down here!
You climb upwards.
Welcome back to the Dungeon!
There is a staircase to the Ecumenical Temple here.
Menkaure, Prince of Dust comes into view.
Menkaure shouts!
Menkaure casts a spell at you. Pain shoots through your body!
You redirect Menkaure's attack!
Menkaure misses you. Menkaure misses you. Menkaure hits you!!
You closely miss Menkaure. Menkaure completely misses you.
You hit Menkaure.
Menkaure is moderately damaged.
Menkaure barely misses you.
You slash Menkaure!
Menkaure is severely damaged.
Menkaure hits you!
You die...

#####..# ##. ..... #......#
..#####..... #.#.....
###.........# #.#.....
#...........# #.#.....
##..........# #.####.#
............# #.####.#
#..........# #.......
#......@...# #......# ######
##......M...# #..##### ......
............# # #..# #..!..
##..........##.# ##.## ##
################.......# #..# #.
.........°....○#..^.#### ###'###'
........./....○#....# #..#.†..
○°.○..........○##.### ###..#....
°°.......○....○##.######.'..+###'


You could see Menkaure.

Vanquished Creatures
  Ijyb (D:3)
  Natasha (twice) (D:4)
  4 mummies (Ossuary)
  2 adders
  A dart slug (D:2)
  8 orcs
  6 endoplasms
  A giant cockroach (D:4)
  6 gnoll zombies (Ossuary)
  7 goblins
  4 hobgoblins
  7 jackals
  2 quokkas (D:2)
  6 ball pythons
  4 bats
  4 frilled lizards
  5 gnoll skeletons (Ossuary)
  4 goblin skeletons (Ossuary)
  7 goblin zombies
  4 hobgoblin skeletons (Ossuary)
  2 hobgoblin zombies (Ossuary)
  5 kobolds
  5 kobold skeletons (Ossuary)
  3 kobold zombies (Ossuary)
  An orc skeleton (Ossuary)
  6 orc zombies (Ossuary)
  9 rats
  6 rat skeletons (Ossuary)
  3 rat zombies (Ossuary)
125 creatures vanquished.

Vanquished Creatures (others)
  Natasha (D:4)
  9 plants (D:2)
10 creatures vanquished.

Grand Total: 135 creatures vanquished

Notes
Turn   | Place    | Note
-------+----------+-------------------------------------------
     0 | D:1      | Thatpatchoflichen the Human Monk began the quest for the
                  | Orb.
     0 | D:1      | Reached XP level 1. HP: 18/18 MP: 1/1
   342 | D:1      | Reached XP level 2. HP: 18/24 MP: 2/2
   839 | D:1      | Reached skill level 4 in Fighting
   839 | D:1      | Reached XP level 3. HP: 29/30 MP: 3/3
  1489 | D:2      | Identified the +2 leather armour of Qeockock {rPois rF++
                  | Will- Regen+}
  1942 | D:2      | Reached XP level 4. HP: 38/38 MP: 4/4
  2187 | D:2      | Found a faded altar of an unknown god.
  3303 | D:3      | Found a runed translucent door.
  3304 | D:3      | Noticed Crazy Yiuf
  3641 | D:4      | Found a sand-covered staircase.
  3649 | Ossuary  | Entered an ossuary
  3701 | Ossuary  | Reached skill level 5 in Fighting
  3963 | Ossuary  | Reached XP level 5. HP: 44/44 MP: 5/5
  4617 | D:4      | Noticed Natasha
  4681 | D:4      | Killed Natasha
  4682 | D:4      | Reached XP level 6. HP: 46/51 MP: 6/6
  4721 | D:4      | Noticed Ijyb
  4721 | D:4      | Noticed Natasha
  4763 | D:3      | Killed Ijyb
  4783 | D:4      | Killed Natasha
  4832 | D:4      | Found a broken altar of Ashenzari.
  4882 | D:4      | Killed Natasha
  4920 | D:4      | Found a staircase to the Ecumenical Temple.
  4929 | Temple   | Entered the Ecumenical Temple
  4966 | Temple   | Became a worshipper of Ru the Awakened
  4979 | Temple   | Gained mutation: You are somewhat unskilled. (-1 Apt) [Ru
                  | sacrifice]
  4979 | Temple   | Reduced skill Stealth to level 1
  4979 | Temple   | Reached * piety under Ru
  5013 | D:4      | Noticed Menkaure
  5025 | D:4      | Slain by Menkaure

Illustrated notes

Levels and vault maps discovered:
D:1:      sevenhm_arrival_forest_fort_large_4, layout_loops_corners,
          corexii_corridor_pit, minmay_domino_2
D:2:      layout_loops_cross, nicolae_ecumenical_lake_church,
          reono_crystal_passage, chequers_big_river, minmay_between
D:3:      layout_basic, minmay_misc_feat_tiny, uniq_crazy_yiuf_cottage
D:4:      old_forge, layout_basic, mainiacjoe_overflow_24_doors,
          nicolae_wu_jian_immortal_techniques, lemuel_temple_firewalk_b,
          enter_ossuary_4, grunt_decor_cap, uniq_menkaure, uniq_natasha,
          uniq_ijyb
Temple:   nicolae_temple_god_jail

Skill      XL: |  1  2  3  4  5  6 |
---------------+-------------------+-----
Fighting       | 4 5 |  5.0
Long Blades    | 3 |  3.7
Stealth        | 1 |  1.7
Dodging        | |  3.4

Action                   |  1- 3 |  4- 6 || total
-------------------------+-------+-------++-------
Melee: Falchion          |    94 |    19 ||   113
       Long sword        |       |   253 ||   253
       Punch             |       |     1 ||     1
Invok: Sacrifice Skill   |       |     1 ||     1
 Stab: Sleeping          |     3 |     3 ||     6
Armor: Robe              |     6 |       ||     6
       Leather armour    |    36 |    95 ||   131
Dodge: Dodged            |    77 |   208 ||   285
